 Dungeon Crawl Stone Soup version 0.20.1-1-g8b1a95d (webtiles) character file.

94 mastercheaf21 the Digger (level 4, -1/24 HPs)
             Began as a Gargoyle Earth Elementalist on Nov 8, 2017.
             Slain by a giant cockroach (2 damage)
             ... on level 3 of the Dungeon.
             The game lasted 00:11:25 (2069 turns).

mastercheaf21 the Digger (GrEE)                     Turns: 2069, Time: 00:11:26

Health: -1/24      AC:  6    Str: 12    XL:     4   Next: 63%
Magic:  9/9        EV: 12    Int: 16    God:
Gold:   260        SH:  0    Dex: 10    Spells: 8/9 levels left

rFire    . . .     SeeInvis .   a - +0 dagger
rCold    . . .     Gourm    .   (no shield)
rNeg     + . .     Faith    .   c - +0 robe
rPois    ∞         Spirit   .   (no helmet)
rElec    +         Reflect  .   (no cloak)
rCorr    .         Harm     .   (no gloves)
MR       .....                  g - +0 pair of boots
Stlth    ++........             (no amulet)
Regen    0.1/turn               (no ring)
MPRegen  0.2/turn               (no ring)

@: no status effects
A: negative energy resistance 1, electricity resistance, unbreathing,
petrification resistance, rot immunity, AC +3
a: no special abilities


You were on level 3 of the Dungeon.
You were very hungry.

You visited 1 branch of the dungeon, and saw 3 of its levels.

You collected 260 gold pieces.

Inventory:

Hand Weapons
 a - a +0 dagger (weapon)
 q - a +4 whip
Missiles
 b - 24 stones
 h - 3 javelins (quivered)
 r - 17 sling bullets
Armour
 c - a +0 robe (worn)
 g - a +0 pair of boots (worn)
 t - a +0 buckler
Scrolls
 i - 2 scrolls of remove curse {unknown}
 j - a scroll of amnesia {unknown}
 k - a scroll of enchant armour {unknown}
 l - a scroll of immolation {unknown}
 m - 2 scrolls of enchant weapon {unknown}
 n - a scroll of teleportation {unknown}
 o - a scroll of fog {unknown}
 p - 3 scrolls of identify {unknown}
Potions
 s - a potion of might {unknown}
Books
 e - a book of Geomancy

   Spells                             Type                      Level
   a - Sandblast                      Earth                        1
   b - Passwall                       Transmutation/Earth          2
   c - Stone Arrow                    Conjuration/Earth            3
   d - Petrify                        Transmutation/Earth          4
   e - Lee's Rapid Deconstruction     Earth                        5
Comestibles
 d - 3 bread rations
 f - a meat ration


   Skills:
 - Level 1.5 Dodging
 - Level 2.1 Stealth
 - Level 0.6 Unarmed Combat
 + Level 3.3 Spellcasting
   Level 0.7 Transmutations
 + Level 5.0 Earth Magic


You had 8 spell levels left.
You knew the following spells:

 Your Spells              Type           Power        Failure   Level  Hunger
a - Sandblast             Erth           ###...       2%          1    None


Dungeon Overview and Level Annotations

Branches:
Dungeon (3/15)

Altars:
Yredelemnul


Innate Abilities, Weirdness & Mutations

You are resistant to torment.
Your stone body is resilient. (AC +3)
You are immune to poison.
You resist negative energy. (rN+)
You are resistant to electric shocks. (rElec)
You can survive without breathing.
You are immune to petrification.
You are immune to rotting.


Message History

The giant cockroach is severely wounded.
The giant cockroach bites you.
* * * LOW HITPOINT WARNING * * *
The giant cockroach closely misses you.
The giant cockroach bites you but does no damage.
The giant cockroach barely misses you. The giant cockroach closely misses you.
The giant cockroach misses you. The giant cockroach closely misses you.
The giant cockroach bites you but does no damage.
The giant cockroach barely misses you. The giant cockroach barely misses you.
The giant cockroach misses you. The giant cockroach barely misses you.
The giant cockroach barely misses you.
The giant cockroach bites you but does no damage.
The giant cockroach closely misses you. The giant cockroach bites you.
* * * LOW HITPOINT WARNING * * *
The giant cockroach bites you but does no damage.
The giant cockroach bites you.
You die...

#.... ..
#####))##.##..
#.....)......#
#.###.(#######
#..##############
#w..............#
#w#############.#
#s# #.# #@# #.#
..%.....# #####.#
###.##### #.....#
###.###.##
#.........
#.#######. #.#
### #. #.#######.
#...'_'...


You could see 2 worms and a giant cockroach.

Vanquished Creatures
  An orc priest (D:3)
  An adder (D:2)
  A worm (D:2)
  A leopard gecko (D:3)
  4 orcs (D:3)
  A ball python (D:1)
  4 bats
  2 giant cockroaches (D:1)
  7 goblins
  4 hobgoblins
  2 jackals (D:2)
  9 kobolds
  A quokka (D:3)
  A frilled lizard (D:1)
  9 rats
48 creatures vanquished.

Notes
Turn   | Place    | Note
-------+----------+-------------------------------------------
     0 | D:1      | mastercheaf21 the Gargoyle Earth Elementalist began the quest for the Orb.
     0 | D:1      | Reached XP level 1. HP: 10/10 MP: 3/3
    75 | D:1      | Reached skill level 4 in Earth Magic
    84 | D:1      | Reached XP level 2. HP: 12/15 MP: 0/5
   321 | D:1      | Reached XP level 3. HP: 4/19 MP: 2/6
  1886 | D:3      | Found a basalt altar of Yredelemnul.
  1934 | D:3      | Reached XP level 4. HP: 21/24 MP: 5/8
  1954 | D:3      | Reached skill level 5 in Earth Magic
  2068 | D:3      | HP: 1/24 [giant cockroach (2)]
  2069 | D:3      | Slain by a giant cockroach

Skill      XL: |  1  2  3  4 |
---------------+-------------+-----
Earth Magic    | 4 5 |  5.0
Spellcasting   | 3 |  3.3
Dodging        | |  1.5
Stealth        | |  2.1
Unarmed Combat | |  0.6
Transmutations | |  0.7

Action                   |  1- 3 |  4- 6 || total
-------------------------+-------+-------++-------
Melee: Unarmed           |    65 |       ||    65
       Dagger            |    76 |    46 ||   122
 Cast: Sandblast         |    27 |     8 ||    35
 Stab: Sleeping          |     3 |       ||     3
  Eat: Chunk             |     3 |       ||     3
Armor: Robe              |    57 |    68 ||   125
Dodge: Dodged            |    91 |   100 ||   191
